 Dungeon Crawl Stone Soup version 0.30-a0-341-g682706514a (webtiles) character file.

Game seed: 4262046576080689254

93 porpoise the Magician (level 4, 0/33 (34) HPs)
             Began as a Djinni Fire Elementalist on Nov 5, 2022.
             Slain by an adder (2 damage)
             ... on level 3 of the Dungeon.
             The game lasted 00:08:55 (1849 turns).

porpoise the Magician (Djinni Fire Elementalist)    Turns: 1849, Time: 00:08:57

HP:   0/33 (34)     AC:  2    Str:  7    XL:     4   Next: 92%
Gold: 79            EV: 12    Int: 18    God:
                    SH:  0    Dex: 14

rFire   + + .      SeeInvis .    b - +0 falchion (protect)
rCold   . . .      Faith    .    (no shield)
rNeg    . . .      Spirit   .    j - +0 robe
rPois   ∞          Reflect  .    (no helmet)
rElec   .          Harm     .    (no cloak)
rCorr   .          Rampage  .    (no gloves)
Will    .....                    (boots unavailable)
Stlth   ++........               (no amulet)
HPRegen 0.25/turn                c - ring of protection from cold
MPRegen 0.00/turn                (no ring)

@: flying, lightly drained
A: sickness immunity, fire resistance 2, cold vulnerability 1, float, innate
caster, HP casting, extra vitality 1
a: no special abilities


You were on level 3 of the Dungeon.
You visited 1 branch of the dungeon, and saw 3 of its levels.

You collected 119 gold pieces.
You spent 40 gold pieces at shops.

Inventory:

Hand Weapons
 a - a +0 dagger
 b - a +0 falchion of protection (weapon)
Armour
 j - a +0 robe (worn)
Jewellery
 c - a ring of protection from cold (left hand)
Scrolls
 d - a scroll of vulnerability {unknown}
 e - a scroll of amnesia {unknown}
 h - 2 scrolls of immolation {unknown}
 k - a scroll of fog {unknown}
 l - 2 scrolls of teleportation {unknown}
 m - a scroll of blinking {unknown}
Potions
 f - a potion of heal wounds
 g - a potion of cancellation
 i - a potion of curing


   Skills:
 + Level 2.7 Fighting
 - Level 2.1 Dodging
 - Level 1.5 Stealth
 + Level 3.3 Spellcasting


You couldn't memorise any spells.
You knew the following spells:

 Your Spells              Type           Power      Damage    Failure   Level
a - Foxfire               Conj/Fire      60%        2x1d7     4%          1
b - Scorch                Fire           30%        2d7       6%          2
c - Kindle Blastsparks    Fire/Tloc/Air  30%        2d12      12%         3
d - Inner Flame           Hex/Fire       15%        N/A       12%         3
e - Flame Wave            Conj/Fire      15%        2d7       36%         4
f - Kiss of Death         Conj/Necr      60%        2d10      4%          1
Your spell library was empty.

Dungeon Overview and Level Annotations

Branches:
Dungeon (3/15)

Altars:
Yredelemnul

Shops:
D:2 ?[[[


Innate Abilities, Weirdness & Mutations

You are immune to sickness and miasma.
You are immune to poison.
Your flesh is very heat resistant. (rF++)
You are vulnerable to cold. (rC-)
You float through the air rather than walking.
You learn spells naturally, not from books.
Your magical power is your life essence.
You have superior vitality. (+4 MHP)


Message History

The foxfire hits the orc but does no damage.
The foxfire hits the orc.
The orc is heavily wounded.
The orc is engulfed in a cloud of scalding steam.
You kill the orc!
You hear a splash.
The orc is engulfed in a cloud of scalding steam.
The foxfire hits the orc but does no damage.
The orc is almost dead.
The foxfire hits the orc but does no damage.
The orc is almost dead.
Casting: Foxfire (safe; 4% risk of failure)
Confirm with . or Enter, or press ? or * to list all spells.
You conjure some foxfire!
The orc priest is engulfed in a cloud of scalding steam.
The orc priest mumbles some strange prayers to Beogh against you.
Beogh smites you!
* * * LOW HITPOINT WARNING * * *
The orc priest looks satisfied for a moment.
The foxfire hits the orc but does no damage.
The orc is almost dead.
The foxfire hits the orc but does no damage.
The orc is almost dead.
The orc priest calls upon Beogh to heal the orc.
The orc's wounds heal themselves!
You hear a splash. x2
You feel a bit more experienced.
An adder comes into view.
The adder hisses angrily.
The adder bites you.
* * * LOW HITPOINT WARNING * * *
The adder bites you but does no damage.
Casting: Foxfire (safe; 4% risk of failure)
Confirm with . or Enter, or press ? or * to list all spells.
You conjure some foxfire!
* * * LOW HITPOINT WARNING * * *
The adder bites you.
* * * LOW HITPOINT WARNING * * *
The adder bites you.
You die...

.....~~≈≈≈o .. #.#
....~≈≈≈o #.# ..#
#..?~≈≈o ..
..#.#.#########..~~≈≈≈
#.#
...#..#.........~≈~≈≈ .
..#
#.#.##.#######†.~~~≈ ..
...#...##...........~~~
#..
#.#.#v##.######.#..P~~
#.# ...#@v..# #. ...≈~
... #.#S#### #. ..≈≈≈
#.###.##...# ## .~P≈~
.........#.## .P≈~
###.###.##..#
.........#####
##.###.##...#
#..........#
#...##.....#


You could see an adder (ally target).

Vanquished Creatures
  4 adders
  2 worms (D:2)
  5 orcs
  An endoplasm (D:2)
  A giant cockroach (D:1)
  3 goblins (D:1)
  7 hobgoblins
  2 jackals (D:2)
  6 kobolds
  2 quokkas (D:1)
  6 ball pythons
  3 bats
  4 frilled lizards
  A rat (D:2)
47 creatures vanquished.

Vanquished Creatures (others)
  90 foxfires
  3 plants (D:3)
93 creatures vanquished.

Grand Total: 140 creatures vanquished

Notes
Turn   | Place    | Note
-------+----------+-------------------------------------------
     0 | D:1      | porpoise the Djinni Fire Elementalist began the quest for
                  | the Orb.
     0 | D:1      | porpoise set off with the following spells memorised:
                  | Foxfire, Scorch, Kindle Blastsparks, Inner Flame, Flame
                  | Wave.
     0 | D:1      | Reached XP level 1. HP: 15/15 MP: 0/0
   132 | D:1      | Reached skill level 1 in Fighting
   132 | D:1      | Reached XP level 2. HP: 21/22 MP: 0/0
   250 | D:1      | Found a faded altar of an unknown god.
   757 | D:2      | Reached XP level 3. HP: 25/27 MP: 0/0
   757 | D:2      | Learned a level 1 spell: Kiss of Death
   801 | D:2      | Found Woneth's Armour Emporium.
   802 | D:2      | Found Duexuyri's Antique Armour Shop.
   858 | D:2      | Found a basalt altar of Yredelemnul.
   871 | D:2      | Reached skill level 3 in Spellcasting
   945 | D:2      | Reached XP level 4. HP: 31/33 MP: 0/0
   955 | D:2      | Found Fuguro's Magic Scroll Boutique.
   969 | D:2      | Bought a scroll of identify for 20 gold pieces
   969 | D:2      | Bought a scroll of identify for 20 gold pieces
  1311 | D:2      | Found Uloivyrgh's Antique Armour Shoppe.
  1849 | D:3      | Slain by an adder

Illustrated notes

Levels and vault maps discovered:
D:1:      wander_arrival_fairy_ring, layout_basic,
          shapermc_ecumenical_altar_pompeii
D:2:      layout_basic, basic_altar, serial_shops, shop, shop_fountains, shop,
          nicolae_shop_stone
D:3:      layout_basic, nicolae_concentric_dashed_squares_mild,
          chequers_big_river

Skill      XL: |  1  2  3 |
---------------+----------+-----
Fighting       | 1 2 |  2.7
Spellcasting   | 3 |  3.3
Dodging        | |  2.1
Stealth        | |  1.5

Action                   |  1- 3 |  4- 6 || total
-------------------------+-------+-------++-------
Melee: Dagger            |     2 |     1 ||     3
       Falchion          |       |    27 ||    27
 Cast: Foxfire           |    37 |    18 ||    55
       Scorch            |     6 |     5 ||    11
       Kiss of Death     |       |     1 ||     1
  Use: Scroll            |       |     3 ||     3
 Stab: Sleeping          |       |     1 ||     1
Armor: Robe              |     1 |    22 ||    23
Dodge: Dodged            |     7 |    27 ||    34

Table legend: (Time is in decaauts)
 A = Elapsed time spent in this place.
 B = Non-inter-level travel time spent in this place.
 C = Inter-level travel time spent in this place.
 D = Time resting spent in this place.
 E = Time spent auto-exploring this place.
 F = Levels seen in this place.
 G = Mean time per level.
                   A        B        C        D        E       F      G
               +--------+--------+--------+--------+--------+-----+--------+
         Total |   1855 |   1784 |     71 |    307 |   1137 |   3 |  618.3 |
       Dungeon |   1855 |   1784 |     71 |    307 |   1137 |   3 |  618.3 |
               +--------+--------+--------+--------+--------+-----+--------+

Top non-repeatable levels by time:
     D:2: 1035 daAuts
     D:1: 752 daAuts
     D:3: 68 daAuts
